 Dungeon Crawl Stone Soup version 0.27-a0-972-gd1521fd518 (webtiles) character file.

Game seed: 1517249556654632564

116 spiderkeys the Skirmisher (level 4, -2/35 HPs)
             Began as a Demonspawn Abyssal Knight on Apr 14, 2021.
             Was a Follower of Lugonu.
             Slain by a wyvern zombie (12 damage)
             ... on level 2 of the Dungeon.
             The game lasted 00:03:34 (3654 turns).

spiderkeys the Skirmisher (DsAK)                    Turns: 3654, Time: 00:03:34

Health: -2/35      AC: 13    Str: 13    XL:     4   Next: 69%
Magic:  0/6        EV: 11    Int: 13    God:    Lugonu [*.....]
Gold:   61         SH:  4    Dex: 13    Spells: 3/3 levels left

rFire    . . .     SeeInvis .   f - +5 flail (protect)
rCold    . . .     Faith    .   e - +0 buckler
rNeg     . . .     Spirit   +   b - +0 leather armour
rPois    .         Reflect  .   i - +0 helmet
rElec    .         Harm     .   (no cloak)
rCorr    .         Rampage  .   (no gloves)
Will     .....                  (no boots)
Stlth    +.........             (no amulet)
HPRegen  0.11/turn              (no ring)
MPRegen  0.20/turn              (no ring)

@: under a protective aura
A: icy blue scales 1, magic shield, magic regeneration
a: Renounce Religion, Depart the Abyss


You were on level 2 of the Dungeon.
You worshipped Lugonu.
Lugonu was aware of your devotion.
You visited 1 branch of the dungeon, and saw 2 of its levels.
You visited the Abyss 1 time.

You collected 61 gold pieces.

Inventory:

Hand Weapons
 a - a +1 spear
 f - a +5 flail of protection (weapon)
Armour
 b - a +0 leather armour (worn)
 e - a +0 buckler (worn)
 i - a +0 helmet (worn)
Jewellery
 g - a ring of magical power
Scrolls
 c - 2 scrolls of magic mapping {unknown}
 d - a scroll of amnesia
 h - a scroll of teleportation
Potions
 j - a potion of flight {unknown}
 k - a potion of heal wounds {unknown}


   Skills:
 + Level 3.4 Fighting
 * Level 3.0 Polearms
 + Level 2.4 Armour
 - Level 1.2 Dodging
 + Level 1.0 Shields
 + Level 3.3 Invocations


You had 3 spell levels left.
You didn't know any spells.
Your spell library contained the following spells:

 Spells                   Type           Power      Damage    Failure   Level
 Confusing Touch          Hex            0%         N/A       86%         3
 Gell's Gravitas          Tloc           0%         N/A       86%         3
 Petrify                  Tmut/Erth      0%         N/A       99%         4
 Metabolic Englaciation   Hex/Ice        0%         N/A       100%        5
 Yara's Violent Unravell  Hex/Tmut       0%         3d3       100%        5


Dungeon Overview and Level Annotations

Branches:
Dungeon (2/15)

Altars:


Innate Abilities, Weirdness & Mutations

You are partially covered in icy blue scales. (AC +2)
When hurt, damage is shared between your health and your magic reserves.
You regenerate magic rapidly.


Message History

HP restored.
You start waiting.
Done waiting.
Things that are here:
a +5 flail of protection; a +0 ring mail
f - a +5 flail of protection Your +5 flail of protection hums with potential!
f - a +5 flail of protection (weapon)
You now have 55 gold pieces (gained 6).
k - a brown potion
Found a robe.
You see here a +0 robe.
You open the door.
There is an open door here.
Found 18 arrows.
You now have 61 gold pieces (gained 6).
An endoplasm comes into view.
The helpless endoplasm fails to defend itself.
You sock the endoplasm!
Your weapon exudes an aura of protection.
You kill the endoplasm!
Lugonu accepts your kill.
A wyvern zombie comes into view.
You hit the wyvern zombie.
The wyvern zombie is lightly damaged.
The wyvern zombie bites you. The wyvern zombie bites you!
You sock the wyvern zombie!
The wyvern zombie is moderately damaged.
The wyvern zombie bites you! x2
* * * LOW HITPOINT WARNING * * *
You are too injured to fight recklessly!
You are too injured to fight recklessly!
You hit the wyvern zombie.
The wyvern zombie is heavily damaged.
The wyvern zombie bites you but does no damage.
The wyvern zombie barely misses you.
You barely miss the wyvern zombie.
The wyvern zombie is heavily damaged.
The wyvern zombie bites you!
You die...

#......#
#.....####...# #...
#......#
#####.##....## ###.
#...#### #.......# #.
#...#### ####....# ##
#......# #....#
##+#...##########....#
#.....'.............#
###...#####....######
####......@Z.#
#.####.##.# #.# #.# #
#.# #.# #.# #.# #.#
#.. #.# ### # #.# #
###########


You could see a wyvern zombie.

Vanquished Creatures
  Jessica (D:2)
  Terence (D:2)
  Robin (D:2)
  A gnoll (D:1)
  A dart slug (D:1)
  5 endoplasms
  A giant cockroach (D:2)
  12 goblins
  6 hobgoblins
  2 kobolds
  5 ball pythons
  2 bats
  A frilled lizard (D:1)
  2 rats (D:1)
41 creatures vanquished.

Notes
Turn   | Place    | Note
-------+----------+-------------------------------------------
     0 | Abyss:1  | spiderkeys the Demonspawn Abyssal Knight began the quest
                  | for the Orb.
     0 | Abyss:1  | Reached XP level 1. HP: 18/18 MP: 2/2
   106 | Abyss:1  | Noticed a death knight
   111 | Abyss:1  | Noticed a ynoxinul
   123 | Abyss:1  | Noticed an ancient zyme
   130 | D:1      | Escaped the Abyss
   510 | D:1      | Reached skill level 1 in Dodging
   510 | D:1      | Gained mutation: You regenerate magic rapidly. [demonic
                  | ancestry]
   510 | D:1      | Reached XP level 2. HP: 14/24 MP: 3/3
   959 | D:1      | Reached * piety under Lugonu
  1792 | D:2      | Found a faded altar of an unknown god.
  1799 | D:2      | Gained mutation: You are partially covered in icy blue
                  | scales. (AC +2) [demonic ancestry]
  1799 | D:2      | Reached XP level 3. HP: 23/29 MP: 5/5
  1900 | D:2      | Noticed Jessica
  1912 | D:2      | Killed Jessica
  2297 | D:2      | Noticed Robin
  2334 | D:1      | Gained mutation: When hurt, damage is shared between your
                  | health and your magic reserves. [demonic ancestry]
  2334 | D:1      | Reached XP level 4. HP: 13/35 MP: 6/6
  2840 | D:2      | Killed Robin
  3158 | D:2      | Noticed Terence
  3171 | D:2      | Killed Terence
  3172 | D:2      | Reached skill level 1 in Shields
  3654 | D:2      | Slain by a wyvern zombie

Illustrated notes

Levels and vault maps discovered:
D:1:      dpeg_arrival_yet_another_circle, layout_basic, serial_forest,
          infiniplex_forest_pool, infiniplex_forest_fountain,
          infiniplex_forest_lined_room_3, infiniplex_forest_corner_1,
          infiniplex_forest_fountain, infiniplex_forest_corner_1,
          minmay_misc_feat_five
D:2:      layout_basic, ebering_ecumenical_altar_sacrificial,
          minmay_misc_feat_more_columns, uniq_robin, uniq_jessica, uniq_terence

Skill      XL: |  1  2  3  4 |
---------------+-------------+-----
Polearms       | 2 3 |  3.0
Dodging        | 1 |  1.2
Armour         | 2 |  2.4
Invocations    | 3 |  3.3
Shields        | 1 |  1.0
Fighting       | |  3.4

Action                   |  1- 3 |  4- 6 || total
-------------------------+-------+-------++-------
Melee: Spear             |   114 |    44 ||   158
       Flail             |       |     5 ||     5
Invok: Depart the Abyss  |     1 |       ||     1
  Use: Scroll            |     2 |     2 ||     4
       Potion            |       |     1 ||     1
 Stab: Sleeping          |     1 |     1 ||     2
Armor: Leather armour    |    41 |     9 ||    50
Dodge: Dodged            |    43 |    15 ||    58
Block: Buckler           |     7 |     4 ||    11

Table legend: (Time is in decaauts)
 A = Elapsed time spent in this place.
 B = Non-inter-level travel time spent in this place.
 C = Inter-level travel time spent in this place.
 D = Time resting spent in this place.
 E = Time spent auto-exploring this place.
 F = Levels seen in this place.
 G = Mean time per level.
                   A        B        C        D        E       F      G
               +--------+--------+--------+--------+--------+-----+--------+
         Total |   3663 |   3597 |     66 |    660 |   2575 |   3 | 1221.0 |
       Dungeon |   3533 |   3467 |     66 |    660 |   2470 |   2 | 1766.5 |
         Abyss |    130 |    130 |      0 |      0 |    105 |   1 |  130.0 |
               +--------+--------+--------+--------+--------+-----+--------+

Top non-repeatable levels by time:
     D:1: 1996 daAuts
     D:2: 1536 daAuts
 Abyss:1: 130 daAuts
